 Dungeon Crawl Stone Soup version 0.20-a0-760-g49f5558 (webtiles) character file.

910 polly the Slasher (level 7, -4/54 HPs)
             Began as a Demonspawn Gladiator on Feb 25, 2017.
             Slain by polly's ghost (9 damage)
             ... on level 4 of the Dungeon.
             The game lasted 00:03:55 (3458 turns).

polly the Slasher (Demonspawn Gladiator)            Turns: 3458, Time: 00:03:55

Health: -4/54      AC:  6    Str: 16    XL:     7   Next: 81%
Magic:  7/7        EV: 13    Int: 10    God:
Gold:   276        SH:  0    Dex: 14    Spells: 6/6 levels left

rFire    . . .     SeeInvis .   a - +0 long sword
rCold    . . .     Gourm    .   b - +0 leather armour
rNeg     . . .     Faith    .   (no shield)
rPois    .         Spirit   .   (helmet restricted)
rElec    .         Reflect  .   (no cloak)
rCorr    .         Harm     .   (no gloves)
MR       .....                  c - +1 pair of boots
Stlth    ++........             (no amulet)
Regen    0.2/turn               (no ring)
MPRegen  0.1/turn               (no ring)

@: drained
A: horns 1, rugged brown scales 1, powered by death 1, spiny 1
a: no special abilities


You were on level 4 of the Dungeon.
You were not hungry.

You visited 1 branch of the dungeon, and saw 4 of its levels.

You collected 276 gold pieces.

Inventory:

Hand Weapons
 a - a +0 long sword (weapon)
Missiles
 d - 2 throwing nets (quivered)
Armour
 b - a +0 leather armour (worn)
 c - a +1 pair of boots (worn)
Scrolls
 e - 6 scrolls of remove curse {unknown}
 h - 4 scrolls of enchant armour {unknown}
 i - 3 scrolls of teleportation {unknown}
 j - 2 scrolls of blinking {unknown}
 k - 3 scrolls of identify {unknown}
 l - a scroll of enchant weapon {unknown}
 o - a scroll of recharging {unknown}
Potions
 p - a potion of curing
 q - a potion of might {unknown}
 r - a potion of resistance {unknown}
Comestibles
 f - 2 bread rations
 g - 2 meat rations
 m - 2 royal jellies
 n - 2 chunks of flesh
 s - 6 fruits


   Skills:
 + Level 3.8(3.5) Fighting
 + Level 6.1(5.8) Long Blades
 + Level 2.0(1.8) Throwing
 + Level 3.3(3.0) Armour
 + Level 3.9(3.6) Dodging
 + Level 1.9(1.6) Stealth


You had 6 spell levels left.
You didn't know any spells.

Dungeon Overview and Level Annotations

Branches:
Dungeon (4/15)
 Temple: D:4-7

Altars:
Sif Muna

Annotations:
D:4 polly's ghost, amateur DsGl


Innate Abilities, Weirdness & Mutations

You have a pair of small horns on your head.
You are partially covered in rugged brown scales. (AC +1, +3% HP)
You regenerate a little health from kills.
You are partially covered in sharp spines.


Message History

Polly's ghost hits you but does no damage.
You barely miss polly's ghost.
Polly's ghost is severely damaged.
Polly's ghost barely misses you.
You riposte.
You hit polly's ghost but do no damage.
Polly's ghost is severely damaged.
You hit polly's ghost but do no damage.
Polly's ghost is severely damaged.
Polly's ghost is struck by your spines. Polly's ghost barely misses you.
You riposte.
You hit polly's ghost.
Polly's ghost is almost destroyed.
Polly's ghost hits you but does no damage.
You hit polly's ghost but do no damage.
Polly's ghost is almost destroyed.
Polly's ghost hits you!
* * * LOW HITPOINT WARNING * * *
You hit polly's ghost but do no damage.
Polly's ghost is almost destroyed.
Polly's ghost hits you!
You die...

.##......#.#...........#
..#........#.#...##.####
#.#........#.##..##.########
#.#######....."............#
....# #..#.###......####.#
#...# ##.#.# #......# #.#
##### #...# #......# #.#
....# ##..# #W.....# #.#
###.#######..# #@.....# #.#
#.#.......># #......####.#
#.#.######## #......'....#
#.#.# #......###### ###.#.#
#......# )...#.# ########
#####.# ......# #######


You could see polly's ghost.

Vanquished Creatures
  Grinder (D:4)
  3 ogres (D:4)
  The ghost of Thrkk the Insei, an amateur DgTm (D:3)
  3 howler monkeys
  A crimson imp (D:3)
  A centaur skeleton (D:4)
  Terence (D:2)
  5 worker ants (D:4)
  2 adders (D:4)
  2 dart slugs (D:1)
  2 leopard geckos
  2 orcs
  5 giant cockroaches
  9 goblins
  7 hobgoblins
  7 kobolds
  A quokka (D:4)
  2 frilled lizards (D:3)
  9 rats
64 creatures vanquished.

Notes
Turn   | Place    | Note
-------+----------+-------------------------------------------
     0 | D:1      | polly the Demonspawn Gladiator began the quest for the Orb.
     0 | D:1      | Reached XP level 1. HP: 16/16 MP: 1/1
    86 | D:1      | Gained mutation: You are partially covered in rugged brown scales. (AC +1, +3% HP) [demonic ancestry]
    86 | D:1      | Reached XP level 2. HP: 16/22 MP: 2/2
   295 | D:1      | Reached skill level 3 in Long Blades
   704 | D:1      | Gained mutation: You are partially covered in sharp spines. [demonic ancestry]
   704 | D:1      | Reached XP level 3. HP: 27/27 MP: 3/3
   863 | D:2      | Noticed Terence
   873 | D:2      | Killed Terence
  1126 | D:2      | Found a deep blue altar of Sif Muna.
  1358 | D:3      | Reached skill level 1 in Armour
  1358 | D:3      | Reached XP level 4. HP: 35/35 MP: 4/4
  1526 | D:3      | Noticed Thrkk's ghost (amateur DgTm)
  1534 | D:3      | Killed Thrkk's ghost
  1534 | D:3      | Reached skill level 4 in Long Blades
  1534 | D:3      | Reached skill level 1 in Stealth
  1534 | D:3      | Reached XP level 5. HP: 14/40 MP: 5/5
  1785 | D:3      | Found a faded altar of an unknown god.
  1902 | D:4      | Noticed polly's ghost (amateur DsGl)
  2236 | D:4      | Noticed an ogre
  2245 | D:4      | Killed an ogre
  2245 | D:4      | Gained mutation: You have a pair of small horns on your head. [demonic ancestry]
  2245 | D:4      | Reached XP level 6. HP: 39/47 MP: 6/6
  2277 | D:4      | Noticed Grinder
  2283 | D:4      | Paralysed by Grinder for 4 turns
  2290 | D:4      | HP: 2/47 [Grinder/nerve-wracking pain (3)]
  2292 | D:4      | Killed Grinder
  2292 | D:4      | Reached skill level 5 in Long Blades
  2292 | D:4      | Gained mutation: You regenerate a little health from kills. [demonic ancestry]
  2292 | D:4      | Reached XP level 7. HP: 3/53 MP: 7/7
  3205 | D:4      | Reached skill level 6 in Long Blades
  3458 | D:4      | Slain by polly's ghost

Vault maps used:
D:1:      dpeg_arrival_court, minivault_14, minmay_circled_x
D:2:      kennysheep_flooded_box, minmay_misc_feat_tiny, uniq_terence
D:3:      serial_curves, eino_curves_04, eino_curves_04,
          chequers_ecumenical_altar_island
D:4:      first_bread, minivault_1, item_on_display_a, uniq_grinder

Skill      XL: |  1  2  3  4  5  6  7 |
---------------+----------------------+-----
Throwing       | 2 |  2.0
Long Blades    | 3 4 5 6 |  6.1
Dodging        | 3 |  3.9
Armour         | 1 2 3 |  3.3
Stealth        | 1 |  1.9
Fighting       | 3 |  3.8

Action                   |  1- 3 |  4- 6 |  7- 9 || total
-------------------------+-------+-------+-------++-------
Melee: Long sword        |    71 |    56 |    54 ||   181
       Headbutt          |       |       |    18 ||    18
Throw: Throwing net      |       |     3 |       ||     3
  Use: Potion            |       |       |     1 ||     1
 Stab: Sleeping          |     2 |       |       ||     2
       Held in net/web   |       |     1 |       ||     1
  Eat: Chunk             |     1 |     1 |     2 ||     4
       Royal jelly       |       |     1 |     1 ||     2
Armor: Leather armour    |    17 |    12 |    11 ||    40
Dodge: Dodged            |    47 |    24 |    36 ||   107
       Rpst.: Long sword |    22 |    12 |    12 ||    46
